 Dungeon Crawl Stone Soup version 0.30-a0-364-gf6b3ef1049 (webtiles) character file.

Game seed: 13802476764984443230

1120 Tushie the Covert (level 8, -5/51 HPs)
             Began as a Kobold Brigand on Nov 16, 2022.
             Was an Initiate of Gozag.
             Slain by an ogre
             ... wielding a +0 giant spiked club
              (36 damage)
             ... on level 7 of the Dungeon.
             The game lasted 00:38:10 (6016 turns).

Tushie the Covert (Kobold Brigand)                  Turns: 6016, Time: 00:38:11

Health: -5/51      AC:  6    Str:  8    XL:     8   Next: 60%
Magic:  8/8        EV: 17    Int: 12    God:    Gozag
Gold:   735        SH:  0    Dex: 19    Spells: 7/7 levels left

rFire   . . .      SeeInvis .    l - +1 dagger (venom)
rCold   . . .      Faith    .    (no shield)
rNeg    . . .      Spirit   .    b - +0 robe
rPois   .          Reflect  .    x - +0 helmet
rElec   .          Harm     .    c - +0 cloak
rCorr   .          Rampage  .    D - +0 pair of gloves
Will    .....                    i - +0 pair of boots
Stlth   ++++++....               (no amulet)
HPRegen 0.28/turn                (no ring)
MPRegen 0.11/turn                (no ring)

@: no status effects
A: small, no large weapons, nightstalker 3
a: Renounce Religion, Potion Petition, Call Merchant, Bribe Branch


You were on level 7 of the Dungeon.
You worshipped Gozag.
Gozag was pleased with you.
You visited 2 branches of the dungeon, and saw 8 of its levels.
You also visited: Sewer.

You collected 806 gold pieces.
You paid 71 gold pieces to Gozag.

Inventory:

Hand Weapons
 a - a +2 dagger
 l - a +1 dagger of venom (weapon)
Missiles
 d - 7 poisoned darts (quivered)
 e - 3 curare-tipped darts
 g - 41 stones
Armour
 b - a +0 robe (worn)
 c - a +0 cloak (worn)
 i - a +0 pair of boots (worn)
 x - a +0 helmet (worn)
 D - a +0 pair of gloves (worn)
Wands
 o - a wand of polymorph (15)
 B - a wand of light (6)
Scrolls
 h - a scroll of blinking {unknown}
 m - 3 scrolls of identify {unknown}
 r - 2 scrolls of amnesia {unknown}
 s - a scroll of noise {unknown}
 v - 2 scrolls of magic mapping {unknown}
 w - 8 scrolls of teleportation {unknown}
 y - 2 scrolls of fear {unknown}
 z - a scroll of butterflies {unknown}
 A - 2 scrolls of vulnerability {unknown}
Potions
 f - 2 potions of might {unknown}
 j - 2 potions of invisibility {unknown}
 k - 3 potions of curing {unknown}
 n - 2 potions of haste
 p - 3 potions of brilliance {unknown}
 q - a potion of lignification {unknown}
 t - a potion of attraction {unknown}
 u - a potion of heal wounds {unknown}
 C - a potion of magic {unknown}


   Skills:
 + Level 5.9 Fighting
 - Level 5.0 Short Blades
 - Level 3.0 Throwing
 - Level 5.0 Dodging
 - Level 10.0 Stealth


You had 7 spell levels left.
You didn't know any spells.
Your spell library contained the following spells:

 Spells                   Type           Power      Damage    Failure   Level
 Apportation              Tloc           0%         N/A       32%         1
 Necrotise                Necr           0%         1d4       32%         1
 Summon Small Mammal      Summ           0%         N/A       32%         1
 Stone Arrow              Conj/Erth      0%         3d7       69%         3
 Animate Armour           Summ/Erth      0%         N/A       97%         4
 Blade Hands              Tmut           0%         N/A       100%        5
 Iron Shot                Conj/Erth      0%         9d1       100%        6
 Lehudib's Crystal Spear  Conj/Erth      0%         10d2      100%        8


Dungeon Overview and Level Annotations

Branches:
Dungeon (7/15)             Temple (1/1) D:4           Sewer (visited)

Altars:
Ashenzari
Fedhas
Gozag
Hepliaklqana
Kikubaaqudgha
Nemelex Xobeh
Okawaru
Qazlal
Sif Muna
Trog
Uskayaw
Vehumet
Wu Jian
Xom
Yredelemnul
Zin
The Shining One

Annotations:
D:4 2 transporters, Bnni's ghost, novice FoFi
D:5 1 runed translucent door, exclusions: oklob plant and 1 more exclusion
D:6 spirit192's ghost, novice HOFi


Innate Abilities, Weirdness & Mutations

You are small and have problems with some larger weapons.
You are completely attuned to the shadows.


Message History

There is an open door here.
You open the door.
There is an open door here.
Found a leather armour.
You see here a +0 leather armour.
An ogre comes into view. It is wielding a +0 giant spiked club.
Found a robe.
There is an open door here.
Throw: 11 darts (poison)
Press: ? - help, Q - select action, (/) - cycle Shift-Dir - straight line, f - ogre
Aim: an ogre, wielding a +0 giant spiked club (wandering, hasn't noticed you, 77% to hit)
You throw a poisoned dart. The poisoned dart hits the ogre.
The ogre is poisoned.
The ogre shouts!
Throw: 10 darts (poison)
Press: ? - help, Q - select action, (/) - cycle Shift-Dir - straight line, f/p - ogre
Aim: an ogre, wielding a +0 giant spiked club (lightly wounded, poisoned, 77% to hit)
You throw a poisoned dart. The poisoned dart hits the ogre!
The ogre looks even sicker.
The ogre is lightly wounded.
Throw: 9 darts (poison)
Press: ? - help, Q - select action, (/) - cycle Shift-Dir - straight line, f/p - ogre
Aim: an ogre, wielding a +0 giant spiked club (lightly wounded, very poisoned, 77% to hit)
You throw a poisoned dart.
The poisoned dart barely misses the ogre.
The ogre attacks as you move away!
The ogre hits you with a +0 giant spiked club!!
The ogre attacks as you move away! The ogre closely misses you.
Throw: 8 darts (poison)
Press: ? - help, Q - select action, (/) - cycle Shift-Dir - straight line, f/p - ogre
Aim: an ogre, wielding a +0 giant spiked club (heavily wounded, very poisoned, 77% to hit)
You throw a poisoned dart. The poisoned dart hits the ogre.
The ogre looks even sicker.
The ogre is heavily wounded.
You hit the ogre.
The ogre looks as sick as possible!
The ogre is heavily wounded.
The ogre hits you with a +0 giant spiked club!!!
Ouch! That really hurt!
You die...
Your body crumbles into a pile of gold.

#......#.......#
#####..#.......######..
.(..#..#...............
(...'..#...............
....#..#...............
....#..#...............
[...#.(###'####........
....#..O<.....#........
#...@.....########.
#...........
#...##.....# #...
#.....# #. ....


You could see an ogre (extremely poisoned).

Vanquished Creatures
  A steam dragon (D:6)
  2 ogres (D:5)
  A phantom (D:4)
  A bullfrog (D:6)
  2 necrophages
  A scorpion (D:5)
  2 hounds
  A gnoll bouda (D:5)
  3 iguanas
  8 adders
  3 gnolls (D:5)
  10 river rats (Sewer)
  A worm (D:2)
  2 dart slugs
  4 orcs
  8 endoplasms
  6 giant cockroaches
  12 hobgoblins
  8 jackals
  3 quokkas
  12 ball pythons
  6 bats
  3 frilled lizards
  10 goblins
  22 kobolds
  22 rats
154 creatures vanquished.

Vanquished Creatures (others)
  A plant (D:7)
1 creature vanquished.

Grand Total: 155 creatures vanquished

Notes
Turn   | Place    | Note
-------+----------+-------------------------------------------
     0 | D:1      | Tushie the Kobold Brigand began the quest for the Orb.
     0 | D:1      | Reached XP level 1. HP: 12/12 MP: 1/1
   173 | D:1      | You fall into a shaft and drop 1 floor!
   390 | D:2      | Reached XP level 2. HP: 18/18 MP: 2/2
   485 | D:1      | Reached skill level 3 in Short Blades
   908 | D:1      | Reached XP level 3. HP: 22/22 MP: 3/3
  1361 | D:2      | Reached skill level 2 in Dodging
  1757 | D:2      | Reached XP level 4. HP: 23/27 MP: 4/4
  2001 | D:3      | Reached skill level 3 in Fighting
  2064 | D:3      | Reached skill level 6 in Stealth
  2120 | D:3      | Reached skill level 3 in Throwing
  2315 | D:3      | Reached skill level 3 in Dodging
  2315 | D:3      | Reached XP level 5. HP: 32/32 MP: 5/5
  2602 | D:4      | Noticed a kobold brigand
  2602 | D:4      | Noticed Bnni's ghost (novice FoFi)
  2604 | D:4      | Noticed a small abomination
  2641 | D:4      | Reached skill level 7 in Stealth
  2641 | D:4      | Reached XP level 6. HP: 12/37 MP: 6/6
  2936 | D:4      | Reached skill level 8 in Stealth
  3244 | D:4      | Found a transporter.
  3263 | D:4      | Found a transporter.
  3276 | D:4      | Noticed a small abomination
  3289 | D:4      | Found a staircase to the Ecumenical Temple.
  3297 | Temple   | Entered the Ecumenical Temple
  3405 | Temple   | Became a worshipper of Gozag Ym Sagoz the Greedy
  3684 | D:4      | Reached skill level 9 in Stealth
  3707 | D:5      | Entered Level 5 of the Dungeon
  3707 | D:5      | Noticed an ogre
  3708 | D:5      | Killed an ogre
  3709 | D:5      | Reached XP level 7. HP: 41/41 MP: 7/7
  3959 | D:5      | Reached skill level 10 in Stealth
  3982 | D:5      | Found a runed translucent door.
  4119 | D:5      | Found a glowing drain.
  4123 | Sewer    | Entered a sewer
  4519 | Sewer    | Reached skill level 4 in Short Blades
  4811 | D:5      | Reached skill level 4 in Dodging
  5167 | D:5      | Reached skill level 4 in Fighting
  5167 | D:5      | Reached XP level 8. HP: 48/48 MP: 8/8
  5191 | D:5      | Found a blossoming altar of Fedhas.
  5240 | D:5      | Noticed an oklob plant
  5858 | D:6      | Reached skill level 5 in Short Blades
  5866 | D:6      | Reached skill level 5 in Fighting
  5866 | D:6      | Reached skill level 5 in Dodging
  5869 | D:6      | Found a runed translucent door.
  5876 | D:6      | Noticed spirit192's ghost (novice HOFi)
  6016 | D:7      | Slain by an ogre

Illustrated notes

Levels and vault maps discovered:
D:1:      dpeg_arrival_lava_temple_mockup, layout_loops_ring, dk_noncrumbling_4
D:2:      layout_loops_corners, roderic_lattice_a
D:3:      layout_rooms, minmay_misc_feat_x
D:4:      layout_basic, minmay_temple_entry_glassed_door,
          gammafunk_ghost_abyssal_escape
D:5:      layout_loops_ring, tgw_fedhas, gup_sewer_entry_bowl,
          uniq_crazy_yiuf_cottage
D:6:      layout_layer_cave, lightli_temple_of_fire, serial_shops,
          nicolae_shop_crystal, ebering_ghost_sewer_d, uniq_prince_ribbit1
D:7:      layout_gridville, serial_shops, shop, serial_bayou,
          serial_bayou_ford_a, serial_bayou_crossing, serial_bayou_shore_b,
          serial_bayou_shore_a, kennysheep_generic_room_5
Temple:   kb_temple_of_zot

Skill      XL: |  1  2  3  4  5  6  7  8 |
---------------+-------------------------+-----
Short Blades   | 3 4 5 |  5.0
Dodging        | 2 3 4 5 |  5.0
Fighting       | 3 4 5 |  5.9
Stealth        | 6 7 9 10 | 10.0
Throwing       | 3 |  3.0

Action                   |  1- 3 |  4- 6 |  7- 9 || total
-------------------------+-------+-------+-------++-------
Melee: Dagger            |    63 |    97 |   190 ||   350
       Punch             |     1 |       |     1 ||     2
Throw: Dart              |       |     4 |     4 ||     8
       Stone             |       |     1 |    16 ||    17
  Use: Potion            |       |       |     1 ||     1
 Stab: Sleeping          |    17 |    28 |    26 ||    71
       Distracted        |       |     2 |     3 ||     5
Armor: Robe              |     7 |     6 |    23 ||    36
Dodge: Dodged            |    21 |    45 |   119 ||   185

Table legend: (Time is in decaauts)
 A = Elapsed time spent in this place.
 B = Non-inter-level travel time spent in this place.
 C = Inter-level travel time spent in this place.
 D = Time resting spent in this place.
 E = Time spent auto-exploring this place.
 F = Levels seen in this place.
 G = Mean time per level.
                   A        B        C        D        E       F      G
               +--------+--------+--------+--------+--------+-----+--------+
         Total |   5954 |   5781 |    173 |    139 |   1257 |   9 |  661.6 |
       Dungeon |   5182 |   5026 |    156 |    111 |   1106 |   7 |  740.3 |
        Temple |    139 |    122 |     17 |      0 |      0 |   1 |  139.0 |
         Sewer |    632 |    632 |      0 |     28 |    151 |   1 |  632.0 |
               +--------+--------+--------+--------+--------+-----+--------+

Top non-repeatable levels by time:
     D:4: 1047 daAuts
     D:2: 1005 daAuts
     D:5: 990 daAuts
     D:1: 931 daAuts
   Sewer: 632 daAuts
     D:6: 590 daAuts
     D:3: 556 daAuts
  Temple: 139 daAuts
     D:7: 59 daAuts
